 Dungeon Crawl Stone Soup version 0.19-a0-1553-g64c24c3 (webtiles) character file.

28732 Jojapa the Eclecticist (level 13, -17/72 HPs)
             Began as a Deep Elf Wizard on Sept 15, 2016.
             Was an Elder of Vehumet.
             Demolished by a spiny frog (25 damage)
             ... on level 5 of the Lair of Beasts.
             The game lasted 01:02:15 (25289 turns).

Jojapa the Eclecticist (Deep Elf Wizard)           Turns: 25289, Time: 01:02:16

Health: -17/72     AC: 12    Str:  4    XL:     13   Next: 11%
Magic:  20/34      EV: 21    Int: 29    God:    Vehumet [****..]
Gold:   983        SH:  0    Dex: 13    Spells: 10 memorised, 7 levels left

rFire  . . .     SeeInvis .     i - +2 flail (protect)
rCold  . . .     Gourm    +     a - +0 robe
rNeg   . . .     Faith    .     (no shield)
rPois  .         Spirit   .     Q - +2 hat
rElec  .         Dismiss  .     t - +0 cloak
rCorr  .         Reflect  .     F - +0 pair of gloves (curse)
MR     +....     Harm     .     n - +0 pair of boots (curse)
Stlth  ++........               m - amulet of the gourmand
                                w - ring of wizardry
                                K - +5 ring of evasion

@: lethally poisoned (-17 -> -34)
A: no striking features
a: Renounce Religion


You were on level 5 of the Lair of Beasts.
You worshipped Vehumet.
Vehumet was greatly pleased with you.
You were very full.

You visited 3 branches of the dungeon, and saw 16 of its levels.
You also visited: Ossuary.

You collected 1104 gold pieces.
You spent 121 gold pieces at shops.

Inventory:

Hand Weapons
 i - a +2 flail of protection (weapon)
Armour
 a - a +0 robe (worn)
 n - a cursed +0 pair of boots (worn)
 t - a +0 cloak (worn)
 F - a cursed +0 pair of gloves (worn)
 Q - a +2 hat (worn)
 R - a +0 buckler
Magical Staves
 D - an uncursed staff of energy
Jewellery
 m - an amulet of the gourmand (around neck)
 p - an uncursed ring of protection from magic
 w - a ring of wizardry (right hand)
 K - a +5 ring of evasion (left hand)
 P - an uncursed ring of see invisible
Wands
 s - a wand of flame (15/48)
 y - a wand of teleportation (0/9)
 A - a wand of polymorph (12/24)
 B - a wand of disintegration (12/24)
 M - a wand of flame (11/48)
 S - a wand of polymorph (4/24)
Scrolls
 e - 4 scrolls of amnesia
 j - 6 scrolls of remove curse
 o - a scroll of magic mapping
 q - 3 scrolls of blinking
 z - 2 scrolls of enchant weapon {unknown}
 C - 4 scrolls of enchant armour {unknown}
 I - a scroll of holy word {unknown}
 J - a scroll of teleportation {unknown}
 O - a scroll of fog {unknown}
 U - 2 scrolls of recharging {unknown}
Potions
 b - 7 potions of curing
 g - 2 potions of magic
 h - 3 potions of brilliance
 r - a potion of flight
 u - 2 potions of might
 G - a potion of berserk rage
 H - a potion of lignification
 L - 2 potions of agility
 T - a potion of resistance
Books
 c - a book of Minor Magic

   Spells                             Type                      Level
   a - Magic Dart                     Conjuration                  1
   b - Blink                          Translocation                2
   c - Call Imp                       Summoning                    2
   d - Repel Missiles                 Charms/Air                   2
   e - Slow                           Hexes                        2
   f - Conjure Flame                  Conjuration/Fire             3
   g - Mephitic Cloud                 Conjuration/Poison/Air       3
 x - a book of Annihilations

   Spells                             Type                      Level
   a - Poison Arrow                   Conjuration/Poison           6
   b - Chain Lightning                Conjuration/Air              8
   c - Lehudib's Crystal Spear        Conjuration/Earth            8
   d - Glaciate                       Conjuration/Ice              9
   e - Fire Storm                     Conjuration/Fire             9
 E - a book of Conjurations

   Spells                             Type                      Level
   a - Magic Dart                     Conjuration                  1
   b - Searing Ray                    Conjuration                  2
   c - Dazzling Spray                 Conjuration/Hexes            3
   d - Fulminant Prism                Conjuration/Hexes            4
   e - Iskenderun's Mystic Blast      Conjuration                  4
   f - Iskenderun's Battlesphere      Conjuration/Charms           5
 V - a book of Spatial Translocations

   Spells                             Type                      Level
   a - Apportation                    Translocation                1
   b - Blink                          Translocation                2
   c - Shroud of Golubria             Charms/Translocation         2
   d - Portal Projectile              Translocation                3
   e - Teleport Other                 Translocation                3
   f - Passage of Golubria            Translocation                4
Comestibles
 d - 6 bread rations
 f - 6 meat rations
 k - 4 slices of pizza
 l - 11 royal jellies
 v - 3 beef jerkies
 N - 5 fruits


   Skills:
 - Level 5.1 Fighting
 - Level 7.2 Dodging
 - Level 2.4 Stealth
 * Level 4.2 Shields
 + Level 15.0 Spellcasting
 + Level 14.7 Conjurations
 - Level 4.0 Charms
   Level 1.1 Summonings
 - Level 1.1 Translocations
 + Level 8.9 Fire Magic


You had 7 spell levels left.
You knew the following spells:

 Your Spells              Type           Power        Failure   Level  Hunger
a - Magic Dart            Conj           ####         0%          1    None
b - Blink                 Tloc           N/A          1%          2    None
c - Repel Missiles        Chrm/Air       ####..       1%          2    None
d - Mephitic Cloud        Conj/Pois/Air  ######..     1%          3    None
e - Conjure Flame         Conj/Fire      ######..     1%          3    None
f - Iskenderun's Mystic   Conj           #######.     1%          4    None
g - Iskenderun's Battles  Conj/Chrm      ######..     1%          5    None
h - Throw Flame           Conj/Fire      ######       1%          2    None
i - Fire Storm            Conj/Fire      ######....   90%         9    #######
j - Sticky Flame          Conj/Fire      ######..     1%          4    None


Dungeon Overview and Level Annotations

Branches:
Dungeon (9/15)             Temple (1/1) D:7            Lair (6/6) D:9
 Shoals (0/4) Lair:3        Snake (0/4) Lair:2          Orc (0/2) D:9
  Slime: Lair:5-6

Altars:
Ashenzari
Cheibriados
Dithmenos
Elyvilon
Fedhas
Gozag
Hepliaklqana
Kikubaaqudgha
Makhleb
Nemelex Xobeh
Okawaru
Qazlal
Ru
Sif Muna
Trog
Uskayaw
Vehumet
Xom
Yredelemnul
Zin
The Shining One

Shops:
D:4 *   D:9 (

Annotations:
D:2 Ijyb


Message History

The mystic blast hits the yak.
The yak is severely wounded.
The death yak gores you but does no damage.
Casting: Iskenderun's Mystic Blast
Confirm with . or Enter, or press ? or * to list all spells.
Aiming: Iskenderun's Mystic Blast
Press: ? - help, Shift-Dir - straight line, f/p - death yak
Aim: a death yak (moderately wounded)
You can't see any item there.
The orb of energy hits the death yak.
The death yak is moderately wounded.
The orb of energy explodes!
The mystic blast hits the yak.
You kill the yak!
Vehumet accepts your kill. The spiny frog stings you!!
* * * LOW HITPOINT WARNING * * *
You are lethally poisoned!
The spiny frog poisons you! The death yak closely misses you.
The spiny frog stings you!!
You die...

### ## ####### ##.##
.####P#.#.####...##########
...##....##...P....#.##..P###
...............>............#
................÷...........#
............................#
.......<.......FY..^........##
................@............#
.............................#
.............................#
..............÷..............#
............................###
..............................#
........<...#####..##........##
...........## ####.#.......P#
.........P## ###........#


You could see a death yak and a spiny frog.

Vanquished Creatures
  Gastronok (Lair:1)
  4 hydras
  2 griffons (Lair:3)
  11 elephants
  2 black mambas
  7 spiny frogs
  9 komodo dragons
  3 rime drakes
  Grinder (D:4)
  A polar bear (Lair:5)
  5 dream sheep (Lair:6)
  5 blink frogs (Lair:5)
  A snapping turtle (Lair:3)
  2 wyverns
  2 hungry ghosts
  11 yaks
  5 hippogriffs
  3 basilisks
  Edmund (D:4)
  3 nagas (Lair:2)
  13 water moccasins
  5 porcupines
  3 sky beasts
  3 orc warriors
  An ice beast (D:6)
  2 black bears
  A phantom (D:9)
  10 wolves
  A necrophage (D:8)
  An ogre (D:9)
  3 centaurs
  The ghost of Blokpantha the Slasher, an amateur HEGl (D:3)
  6 big kobolds
  5 crocodiles
  7 giant frogs
  A wyvern zombie (D:8)
  A gnoll sergeant (D:7)
  3 scorpions
  7 wights
  2 electric eels
  7 crimson imps
  2 centaur zombies
  8 jellies
  A giant frog zombie (D:9)
  7 hounds
  10 orc wizards
  5 orc priests
  3 giant frog skeletons
  A centaur skeleton (D:6)
  A gnoll shaman (D:7)
  4 iguanas
  7 worker ants
  Terence (D:3)
  2 worker ant zombies
  2 mummies (Ossuary)
  13 gnolls
  9 adders
  25 river rats
  A shadow imp (D:5)
  7 oozes
  An adder skeleton (D:4)
  2 worms
  3 dart slugs
  9 giant geckos
  32 orcs
  2 ball pythons
  7 giant cockroaches
  10 goblins
  8 hobgoblins
  7 jackals
  6 quokkas
  7 bats
  4 frilled lizards
  A giant gecko zombie (D:6)
  A jackal zombie (Ossuary)
  52 kobolds
  2 quokka zombies (D:5)
  10 rats
  A rat zombie (D:5)
  12 plants (D:9)
448 creatures vanquished.

Vanquished Creatures (others)
  A quokka (D:6)
  3 fungi
  A plant (Lair:6)
  A withered plant (Ossuary)
6 creatures vanquished.

Grand Total: 454 creatures vanquished

Notes
Turn   | Place    | Note
-------+----------+-------------------------------------------
     0 | D:1      | Jojapa the Deep Elf Wizard began the quest for the Orb.
     0 | D:1      | Reached XP level 1. HP: 10/10 MP: 7/7
   272 | D:1      | Reached XP level 2. HP: 15/15 MP: 6/9
   969 | D:2      | Reached XP level 3. HP: 19/19 MP: 6/11
   976 | D:2      | Learned a level 2 spell: Blink
   979 | D:2      | Learned a level 2 spell: Repel Missiles
   983 | D:2      | Learned a level 3 spell: Mephitic Cloud
   987 | D:2      | Learned a level 3 spell: Conjure Flame
  1125 | D:2      | Noticed Ijyb
  1529 | D:2      | Reached skill level 5 in Spellcasting
  2155 | D:3      | Reached XP level 4. HP: 24/24 MP: 8/13
  2260 | D:3      | Noticed Blokpantha's ghost (amateur HEGl)
  2309 | D:3      | Noticed Terence
  2630 | D:3      | Killed Terence
  3380 | D:3      | Killed Blokpantha's ghost
  3380 | D:3      | Reached XP level 5. HP: 28/28 MP: 2/15
  3474 | D:3      | Reached skill level 5 in Conjurations
  3588 | D:4      | Found Ufeasud's General Store.
  3738 | D:4      | Noticed Edmund
  3868 | D:4      | Reached skill level 6 in Spellcasting
  3932 | D:4      | Noticed Grinder
  3945 | D:4      | Paralysed by Grinder for 7 turns
  3969 | D:4      | Killed Grinder
  3969 | D:4      | Reached XP level 6. HP: 32/32 MP: 5/17
  4316 | D:4      | Bought 2 potions of curing for 66 gold pieces
  4316 | D:4      | Bought a scroll of identify for 22 gold pieces
  4316 | D:4      | Bought a scroll of remove curse for 33 gold pieces
  4370 | D:4      | Reached skill level 7 in Spellcasting
  4370 | D:4      | Reached XP level 7. HP: 36/36 MP: 0/19
  5227 | D:4      | Killed Edmund
  6042 | D:4      | Reached skill level 8 in Spellcasting
  6042 | D:4      | Reached XP level 8. HP: 41/41 MP: 6/22
  6660 | D:5      | Entered Level 5 of the Dungeon
  6871 | D:5      | Found a sand-covered staircase.
  6878 | Ossuary  | Entered an ossuary
  7817 | D:5      | Reached skill level 9 in Spellcasting
  7817 | D:5      | Reached skill level 10 in Conjurations
  8364 | D:6      | Found a white marble altar of Elyvilon.
  9092 | D:6      | Reached XP level 9. HP: 45/45 MP: 6/24
  9726 | D:7      | Reached skill level 10 in Spellcasting
  9914 | D:7      | Found a staircase to the Ecumenical Temple.
  9922 | Temple   | Entered the Ecumenical Temple
  9953 | Temple   | Became a worshipper of Vehumet
 10821 | D:7      | Reached skill level 1 in Fighting
 11221 | D:8      | Found a burning altar of Makhleb.
 11443 | D:8      | Reached * piety under Vehumet
 11443 | D:8      | Offered knowledge of Sting by Vehumet.
 11779 | D:8      | Reached skill level 11 in Spellcasting
 12463 | D:8      | Reached XP level 10. HP: 54/54 MP: 21/27
 13031 | D:8      | Learned a level 4 spell: Iskenderun's Mystic Blast
 13037 | D:8      | Learned a level 5 spell: Iskenderun's Battlesphere
 13083 | D:8      | Reached ** piety under Vehumet
 13083 | D:8      | Offered knowledge of Throw Flame by Vehumet.
 13580 | D:8      | Reached skill level 5 in Dodging
 13833 | D:9      | Found a staircase to the Lair.
 13893 | D:9      | Found Ticeq's Antique Weapon Shoppe.
 13940 | D:9      | Reached skill level 12 in Spellcasting
 14201 | D:9      | Found a staircase to the Orcish Mines.
 14360 | D:9      | Learned a level 2 spell: Throw Flame
 14645 | D:9      | Reached skill level 1 in Charms
 14733 | D:9      | Offered knowledge of Static Discharge by Vehumet.
 15377 | Lair:1   | Entered Level 1 of the Lair of Beasts
 15504 | Lair:1   | Noticed Gastronok
 15521 | Lair:1   | Killed Gastronok
 15617 | Lair:1   | Reached skill level 13 in Spellcasting
 15885 | Lair:1   | Noticed an elephant
 15952 | D:8      | Reached XP level 11. HP: 23/62 MP: 6/30
 16411 | Lair:1   | Learned a level 9 spell: Fire Storm
 16753 | Lair:1   | Reached *** piety under Vehumet
 16753 | Lair:1   | Reached skill level 1 in Fire Magic
 17581 | Lair:2   | Noticed a seven-headed hydra
 17589 | Lair:2   | Killed a seven-headed hydra
 17695 | Lair:2   | Offered knowledge of Sticky Flame by Vehumet.
 17701 | Lair:2   | Learned a level 4 spell: Sticky Flame
 17882 | Lair:2   | Found a staircase to the Snake Pit.
 18528 | Lair:2   | Reached skill level 5 in Fighting
 19598 | Lair:3   | Noticed a griffon
 19603 | Lair:3   | Killed a griffon
 19844 | Lair:3   | Noticed a four-headed hydra
 19851 | Lair:3   | Killed a four-headed hydra
 19851 | Lair:3   | Reached skill level 5 in Fire Magic
 20332 | Lair:3   | Reached **** piety under Vehumet
 20644 | Lair:3   | Reached skill level 14 in Spellcasting
 20644 | Lair:3   | Reached XP level 12. HP: 68/68 MP: 14/32
 21132 | Lair:3   | Found a staircase to the Shoals.
 21297 | Lair:3   | Noticed a six-headed hydra
 21299 | Lair:3   | Killed a six-headed hydra
 21842 | Lair:4   | Offered knowledge of Airstrike by Vehumet.
 23282 | Lair:5   | Reached skill level 1 in Shields
 24387 | Lair:5   | Noticed a four-headed hydra
 24390 | Lair:5   | Killed a four-headed hydra
 24611 | Lair:6   | Entered Level 6 of the Lair of Beasts
 24618 | Lair:6   | Reached XP level 13. HP: 72/72 MP: 11/33
 24783 | Lair:6   | Reached skill level 15 in Spellcasting
 25289 | Lair:5   | Demolished by a spiny frog

Vault maps used:
D:1:      dpeg_arrival_round_b, serial_forest, infiniplex_forest_lined_3,
          infiniplex_forest_lined_3_way, infiniplex_forest_clump_curved,
          infiniplex_forest_straight_5, infiniplex_forest_end_double,
          minmay_split_cup_large
D:2:      kennysheep_the_goblin_king, first_bread, serial_bayou_lagoon_b
D:3:      uniq_terence, uniq_iyjb
D:4:      minmay_goblin_kobold_castle, serial_shops, shop_statue, uniq_edmund,
          uniq_grinder
D:5:      enter_ossuary_4, feat_on_display
D:6:      elyvilon_altar_4
D:8:      basic_altar
D:9:      lair_0_dummy, orc_0_dummy, serial_shops, nicolae_shop_stone,
          hangedman_little_slice_of_home, wad_woods_river_04
Temple:   compressed_dpeg_triangle_lava_temple
Lair:1:   serial_bayou_ford_a, infiniplex_staircase_pool_2, uniq_gastronok
Lair:2:   guppyfry_snake_entry_garden, serial_bayou_shore_a
Lair:3:   minmay_shoals_entry_hut
Lair:6:   evil_forest, minmay_slime_entry_oklob_enclosed, special_room,
          basic_altar, fungi_pond_lemuel, st_stairs_13, zaba_anthell,
          lemuel_fruit_tree
Ossuary:  ossuary_zaba_flooded

Skill      XL: |  1  2  3  4  5  6  7  8  9 10 11 12 13 |
---------------+----------------------------------------+-----
Conjurations   | 2 3 4 6 8 10 11 12 13 14 | 14.7
Spellcasting   | 5 6 7 8 9 11 13 14 15 | 15.0
Fighting       | 2 4 5 |  5.1
Dodging        | 4 6 7 |  7.2
Charms         | 3 4 |  4.0
Fire Magic     | 6 8 |  8.9
Shields        | 3 4 |  4.2
Stealth        | |  2.4
Summonings     | |  1.1
Translocations | |  1.1

Action                   |  1- 3 |  4- 6 |  7- 9 | 10-12 | 13-15 || total
-------------------------+-------+-------+-------+-------+-------++-------
Melee: Unarmed           |     1 |       |    18 |       |       ||    19
       Flail             |       |       |       |   441 |       ||   441
 Cast: Magic Dart        |    86 |   132 |   598 |   267 |       ||  1083
       Mephitic Cloud    |     1 |     4 |    28 |     1 |       ||    34
       Conjure Flame     |       |     5 |    27 |     3 |       ||    35
       Blink             |       |       |     6 |     5 |     2 ||    13
       Iskenderun's Myst |       |       |       |   283 |    24 ||   307
       Iskenderun's Batt |       |       |       |    18 |       ||    18
Evoke: Wand              |       |       |     2 |     6 |     1 ||     9
  Use: Scroll            |       |     6 |     6 |     7 |       ||    19
       Potion            |       |       |       |     1 |     1 ||     2
  Eat: Chunk             |     7 |    14 |    29 |    39 |     1 ||    90
Armor: Robe              |     3 |     6 |    48 |    22 |     4 ||    83
       Skin              |       |       |     1 |       |       ||     1
Dodge: Dodged            |    13 |    15 |   123 |    90 |    21 ||   262
